 Dungeon Crawl Stone Soup version 0.30-a0-782-ge64f9170bb (webtiles) character file.

Game seed: 4783604924368402436

208 Gron2003 the Chiller (level 5, -1/35 HPs)
             Began as a Vampire Ice Elementalist on Feb 24, 2023.
             Slain by a black bear (2 damage)
             ... on level 5 of the Dungeon.
             The game lasted 00:28:17 (2557 turns).

Gron2003 the Chiller (Vampire Ice Elementalist)     Turns: 2557, Time: 00:28:17

Health: -1/35      AC:  2    Str:  7    XL:     5   Next: 55%
Magic:  0/10       EV: 17    Int: 20    God:
Gold:   169        SH:  0    Dex: 14    Spells: 10/11 levels left

rFire   . . .      SeeInvis +      - Unarmed
rCold   . . .      Faith    .    (no shield)
rNeg    . . .      Spirit   +    a - +0 robe
rPois   .          Reflect  .    (no helmet)
rElec   .          Harm     .    (no cloak)
rCorr   .          Rampage  .    (no gloves)
Will    .....                    (no boots)
Stlth   ++                       p - amulet of guardian spirit
HPRegen 0.45/turn                i - +5 ring of evasion
MPRegen 0.12/turn                (no ring)

@: healing quickly
A: alive, fangs 3, see invisible, vampiric 2
a: Exsanguinate


You were on level 5 of the Dungeon.
You visited 1 branch of the dungeon, and saw 5 of its levels.

You collected 169 gold pieces.

Inventory:

Missiles
 o - 3 datura-tipped darts
Armour
 a - a +0 robe (worn)
Jewellery
 i - a +5 ring of evasion (left hand)
 p - an amulet of guardian spirit (around neck)
Wands
 t - a wand of flame (7)
Scrolls
 c - a scroll of amnesia
 d - 6 scrolls of identify
 g - a scroll of fog {unknown}
 j - 2 scrolls of enchant armour {unknown}
 k - a scroll of blinking {unknown}
 l - a scroll of poison {unknown}
Potions
 b - a potion of magic
 e - a potion of might
 f - a potion of lignification {unknown}
 h - a potion of invisibility {unknown}
 m - a potion of curing {unknown}
 q - a potion of brilliance {unknown}
 r - a potion of mutation {unknown}
 s - a potion of flight {unknown}


   Skills:
 + Level 0.2 Fighting
 + Level 0.1 Throwing
 + Level 2.7 Dodging
 + Level 3.3 Stealth
 + Level 1.1 Unarmed Combat
 + Level 3.7 Spellcasting
 + Level 5.3 Ice Magic


You had 10 spell levels left.
You knew the following spells:

 Your Spells              Type           Power      Damage    Failure   Level
a - Freeze                Ice            100%       1d10      1%          1

Your spell library contained the following spells:

 Spells                   Type           Power      Damage    Failure   Level
 Frozen Ramparts          Ice            50%        1d8       4%          3
 Ozocubu's Armour         Ice            25%        N/A       4%          3
 Beastly Appendage        Tmut           6%         N/A       13%         1
 Summon Small Mammal      Summ           12%        N/A       13%         1
 Call Canine Familiar     Summ           3%         N/A       36%         3
 Ignite Poison            Fire/Tmut/Pois 3%         N/A       36%         3
 Kindle Blastsparks       Fire/Tloc/Air  6%         2d10      36%         3
 Summon Guardian Golem    Hex/Summ       3%         N/A       36%         3
 Summon Ice Beast         Ice/Summ       14%        N/A       41%         4
 Freezing Cloud           Conj/Ice/Air   5%         6-21      87%         5


Dungeon Overview and Level Annotations

Branches:
Dungeon (5/15)
 Temple: D:4-7

Altars:
Fedhas
Okawaru
Yredelemnul

Shops:
D:3 [

Annotations:
D:3 Grinder, Ijyb, Robin
D:4 Pikel


Innate Abilities, Weirdness & Mutations

Your natural rate of healing is accelerated.
You have razor-sharp teeth.
You have supernaturally acute eyesight. (SInv)
You are afflicted with vampirism and can become a bat while bloodless.


Message History

The ufetubus closely misses you. The ufetubus hits you.
A black bear comes into view.
You freeze the ufetubus.
The ufetubus resists.
You kill the ufetubus!
The black bear growls angrily.
Aiming: Throw Flame
Press: ? - help, Shift-Dir - straight line, f - black bear
Aim: a black bear (77% to hit)
The puff of flame hits the black bear.
The black bear is lightly wounded.
There is an open door here.
Okay, then.
You close the door.
You freeze the black bear!
The black bear is moderately wounded.
The black bear misses you. The black bear claws you. x2
You freeze the black bear.
The black bear is heavily wounded.
The black bear bites you. The black bear claws you.
The black bear claws you but does no damage.
You freeze the black bear!
The black bear is severely wounded.
The black bear goes berserk!
You freeze the black bear.
The black bear is almost dead.
The black bear barely misses you. The black bear claws you.
The black bear claws you but does no damage.
You freeze the black bear!
The black bear is almost dead.
The black bear misses you. The black bear claws you! x2
* * * LOW HITPOINT WARNING * * *
The black bear bites you.
* * * LOW HITPOINT WARNING * * *
The black bear claws you.
* * * LOW HITPOINT WARNING * * *
The black bear claws you but does no damage.
The black bear bites you.
* * * LOW HITPOINT WARNING * * *
The black bear closely misses you. The black bear claws you.
You die...

#######
#..........#>....##.
.J....#
#................##.
.###....#
#....#..##.[.....'..
## ###~.5#
#....##..#.......#..
...
#....##..##......##.
.
##....#..##......##.
#....##..##.....##.
#.....##..#......#.
#.@._.# ..#......#.
#.h...# ..#.....##.
#....## #. #....# #.
##+.## ## #. #...#
#.. #. ##...#
#...######. #....#
#?#.....##. #...##
#.....5<##.


You could see a black bear (berserk).

Vanquished Creatures
  4 adders
  An ufetubus (D:5)
  A worm (D:5)
  A dart slug (D:2)
  9 bats
  5 endoplasms
  A giant cockroach (D:3)
  7 goblins
  4 hobgoblins
  4 jackals
  A quokka (D:1)
  8 ball pythons
  2 frilled lizards (D:1)
  7 kobolds
  6 rats
61 creatures vanquished.

Vanquished Creatures (collateral kills)
  An orc wizard (D:3)
  An orc (D:3)
2 creatures vanquished.

Vanquished Creatures (others)
  An ogre (D:5)
  An orc (D:3)
  A plant (D:3)
3 creatures vanquished.

Grand Total: 66 creatures vanquished

Notes
Turn   | Place    | Note
-------+----------+-------------------------------------------
     0 | D:1      | Gron2003 the Vampire Ice Elementalist began the quest for
                  | the Orb.
     0 | D:1      | Reached XP level 1. HP: 13/13 MP: 3/3
   315 | D:1      | Reached XP level 2. HP: 19/19 MP: 1/5
  1293 | D:2      | Reached skill level 1 in Unarmed Combat
  1293 | D:2      | Gained mutation: You are afflicted with vampirism and can
                  | become a bat while bloodless. [Vampire growth]
  1293 | D:2      | Reached XP level 3. HP: 24/24 MP: 3/6
  1603 | D:2      | Found an iron altar of Okawaru.
  1670 | D:2      | Reached XP level 4. HP: 30/30 MP: 4/7
  1972 | D:3      | Noticed Robin
  2028 | D:3      | Reached skill level 5 in Ice Magic
  2075 | D:3      | Found a faded altar of an unknown god.
  2119 | D:3      | Got Plato's Compilation of the Shift
  2153 | D:3      | Found Ihaikint's Armour Emporium.
  2171 | D:3      | Noticed Grinder
  2191 | D:3      | Noticed Ijyb
  2208 | D:4      | Noticed Pikel
  2210 | D:4      | Noticed a lemure
  2210 | D:4      | Noticed a lemure
  2221 | D:5      | Entered Level 5 of the Dungeon
  2333 | D:5      | Found a basalt altar of Yredelemnul.
  2491 | D:5      | Found a blossoming altar of Fedhas.
  2522 | D:5      | Noticed an ogre
  2534 | D:5      | Killed an ogre
  2535 | D:5      | Reached XP level 5. HP: 35/35 MP: 5/10
  2535 | D:5      | Noticed a black bear
  2557 | D:5      | HP: 1/35 [black bear (4)]
  2557 | D:5      | Slain by a black bear

Illustrated notes

Levels and vault maps discovered:
D:1:      minmay_arrival_hallway, layout_loops_corners, minmay_small_reverse_x
D:2:      layout_rooms, basic_altar, minmay_fountain_box, minmay_surrounded
D:3:      layout_rooms, nicolae_ru_awakened_eye,
          shapermc_ecumenical_altar_rom_forum, serial_shops, shop, uniq_grinder,
          uniq_ijyb, uniq_robin
D:4:      layout_cave_pools, gammafunk_ghost_necromancy, uniq_pikel
D:5:      layout_gridville, amcnicky_altar_gilded,
          mainiacjoe_overflow_catch_the_wave, ebering_ghost_inner_flame,
          nzn_random_ring

Skill      XL: |  1  2  3  4 |
---------------+-------------+-----
Unarmed Combat | 1 |  1.1
Ice Magic      | 5 |  5.3
Spellcasting   | 3 |  3.7
Fighting       | |  0.2
Throwing       | |  0.1
Dodging        | |  2.7
Stealth        | |  3.3

Action                     |  1- 3 |  4- 6 || total
---------------------------+-------+-------++-------
  Melee: Unarmed           |    17 |     7 ||    24
         Bite              |     1 |       ||     1
  Throw: Dart              |       |     3 ||     3
         Throwing net      |       |     1 ||     1
   Cast: Freeze            |    60 |    45 ||   105
  Evoke: Wand              |       |     3 ||     3
    Use: Scroll            |       |     4 ||     4
 Armour: Robe              |     8 |     7 ||    15
  Dodge: Dodged            |    50 |    51 ||   101

Table legend: (Time is in decaauts)
 A = Elapsed time spent in this place.
 B = Non-inter-level travel time spent in this place.
 C = Inter-level travel time spent in this place.
 D = Time resting spent in this place.
 E = Time spent auto-exploring this place.
 F = Levels seen in this place.
 G = Mean time per level.
                   A        B        C        D        E       F      G
               +--------+--------+--------+--------+--------+-----+--------+
         Total |   2555 |   2519 |     36 |    554 |   1017 |   5 |  511.0 |
       Dungeon |   2555 |   2519 |     36 |    554 |   1017 |   5 |  511.0 |
               +--------+--------+--------+--------+--------+-----+--------+

Top non-repeatable levels by time:
     D:1: 1207 daAuts
     D:2: 806 daAuts
     D:5: 336 daAuts
     D:3: 181 daAuts
     D:4: 24 daAuts
